[Event "EU-ch 12th"]
[Site "Aix les Bains"]
[Date "2011.03.22"]
[Round "1"]
[White "Kreisl, Robert"]
[Black "Grachev, Boris V"]
[Result "0-1"]
[ECO "E04"]
[WhiteElo "2394"]
[BlackElo "2675"]
[Annotator "Marchand,A/Primel,D"]
[PlyCount "62"]
[EventDate "2011.03.22"]
[EventType "swiss"]
[EventRounds "11"]
[EventCountry "FRA"]
[SourceTitle "CBM 142 Extra"]
[Source "ChessBase"]
[SourceDate "2011.06.27"]
[SourceVersion "1"]
[SourceVersionDate "2011.06.27"]
[SourceQuality "1"]
[TimeControl "40/5400+30:1800+30"]

1. Nf3 d5 2. d4 Nf6 3. c4 e6 4. g3 dxc4 5. Bg2 (5. Qa4+ Bd7 (5... c6 6. Qxc4 b5
7. Qc2 (7. Qd3 Bb7 8. Bg2 Nbd7 9. O-O a6 10. a4 c5 $36) (7. Qb3 Bb7 8. Bg2 Nbd7
9. O-O a6 10. Ne5 (10. a4 c5) 10... Nxe5 11. dxe5 Nd7 12. Nc3 Nxe5 13. Ne4 $44
{Ehlvest,J (2595)-Vitiugov,N (2687) Moscow Aeroflot op-A 2009 (6) 1/2}) 7...
Bb7 {Demarre,J (2190)-David,A (2587) Syre Memorial op 32nd 2009 (3) 0-1} 8. Bg2
Nbd7 9. Ne5 $1 Qb6 10. O-O $5 Rc8 {Tratar,M (2420)-Pavasovic,D (2460) Portoroz
op 1997 1/2} (10... Qxd4 11. Nxd7 Qxd7 12. Rd1 $44)) 6. Qxc4 Bc6 7. Bg2 Nbd7 8.
Nc3 Nb6 9. Qd3 Bb4) 5... Bd7 $5 {Une ligne secondaire un peu passive mais les
Noirs peuvent souvent s'accrocher au Pc4} 6. Ne5 (6. Qc2 c5 7. Qxc4 Bc6 8. O-O
Nbd7 9. dxc5 Bxc5 10. Nc3 Rc8 $11) 6... Bc6 7. Nxc6 {
Les Blancs gagnent la paire de B mais en contrepartie, les Noirs ont une
petite avance de développement et il ne sera pas facile pour les Blancs de
récupérer le P"c4"} Nxc6 8. O-O (8. e3) 8... Qd7 (8... Be7) 9.
e3 (9. Nc3 Nxd4 10. Bxb7 Rb8 11. Bg2 Be7 12. e3 Nb5 13. Qc2 Nxc3 14. Qxc3 Qb5
15. b3 O-O 16. bxc4 Qb6 17. Qc2 Rfd8 18. Bd2 Bb4 19. Bxb4 Qxb4 20. Rab1 Qa5 21.
Rb5 Rxb5 22. cxb5 Qxb5 23. Qxc7 Qb6 {Jussupow,A (2620)-Karpov,A (2715)/Belfort
1988/CBM 008/1/2-1/2}) 9... O-O-O {L'idée de la variante Bd7 et la position
noire est trés solide} (9... Rb8 10. Qe2 b5 $132 (10... e5 $5) 11. a4 (11. b3
cxb3 12. axb3) 11... a6 12. axb5 axb5 13. b3 cxb3 14. Nd2 Be7 15. Nxb3 O-O 16.
Bd2 Rfc8 17. Rfc1 Nd5 18. Nc5 {Georgiev,K (2590)-Anand,V (2515) Hoogovens Wijk
aan Zee 1989 (2) 0-1} (18. h4 $14 {[%cal Gh4h5] Anand})) 10. Nd2 (10. Qa4 Nd5 11. Qxc4 h5 12. Nc3 h4 13. Bd2 hxg3 14. fxg3 (14. hxg3) 14... f5
15. Rac1 g6 16. b4 Bxb4 17. Rb1 Qh7 18. h3 Qh6 19. Rxb4 Ncxb4 20. Rb1 Nc6 21.
Na4 Nb6 22. Qxe6+ Kb8 23. Rb2 Rhe8 24. Qb3 Qh8 {Antic,D (2487)-Kapnisis,S 
(2529)/Eretria 2011/Mega2011 Update 29/1/2-1/2 (31)}) 10... h5 $1 11. Nxc4 h4 $146 (11... Nd5 12. Bd2 h4 13. b4 hxg3 14. hxg3 Bxb4 15. Bxb4
Ndxb4 16. Qb3 Rh5 17. Rab1 Rdh8 18. Ne5 Nxe5 19. Qxb4 Ng4 20. Qxb7+ Kd8 21.
Rfc1 Qd6 22. Rc6 Qd7 23. Rbc1 e5 24. Rxc7 {1-0 Prohaszka,P (2501)-Takacs,B 
(2354)/Heviz 2010/CBM 137 Extra}) 12. Qa4 (12. Bd2 hxg3 13. fxg3 (13. hxg3 Nd5
14. Rc1)) 12... hxg3 13. hxg3 (13. fxg3 $5 {Affaiblit la structure mais
amoindrit la pression sur la colonne "h"} Nd5 14. Bd2 f5 15. b4 $1 Bxb4 (15... g5 16. b5) 16. Bxb4 Ndxb4 17. Ne5 $36 ) 13... Nd5 14. Bd2 Kb8 15. Rfc1 f5 16. Na5 (
16. b4 $142 $5 Ne5 (16... Ncxb4 17. Qxd7 Rxd7 18. Ne5 Rd8 19. Nf7) 17. Qxd7
Nxd7 18. a3 $14 {Après l'échange des Q, les Noirs n'auront plus d'attaque а
l'aile-roi et la structure Blanche est un peu meilleure}) 16... Nxa5 17. Qxd7 (
17. Qxa5 $6 Qf7 (17... g5 )) 17... Rxd7 18. Bxa5
Nf6 19. Bc3 {Bizarrement, la paire de B n'est pas trés utile et il n'est pas
facile d'améliorer la position des Blancs} (19. Rc2 Bd6 20. Rac1 $11) (19. Kf1)
19... Bd6 20. Bf3 g5 $1 {[%cal Gd7h7] L'attaque thématique
dans cette variante Bd7} 21. Kg2 g4 22. Be2 Rh3 23. Bc4 (23. Rh1 Rdh7 24. Bd3
Ne4 25. Bxe4 fxe4 26. Rxh3 $11) (23. Bd3 Rdh7 24. Rh1) 23... Rdh7 $36 24. Rh1
$1 Ne4 $36 25. Bxe6 (25. Rxh3 gxh3+ (25... Rxh3 26. Bxe6) 26. Kf3 Ng5+ 27. Ke2
$11) 25... Bxg3 $1 26. Bxf5 $2 (26. Rxh3 $8 gxh3+ 27. Kf3 h2 28. fxg3 h1=Q+ 29.
Rxh1 Rxh1 30. Bxf5 Ng5+ 31. Kg2 ) 26... Rh2+ 27. Rxh2
Rxh2+ 28. Kg1 Nxf2 29. Be1 Nh3+ 30. Kf1 Bxe1 31. Bxg4 Bb4 0-1

[Event "EU-ch 12th"]
[Site "Aix les Bains"]
[Date "2011.03.31"]
[Round "9"]
[White "Michalik, Peter"]
[Black "Zakhartsov, Viacheslav V"]
[Result "1-0"]
[ECO "E04"]
[WhiteElo "2471"]
[BlackElo "2608"]
[Annotator "Marchand,A/Primel,D"]
[PlyCount "99"]
[EventDate "2011.03.22"]
[EventType "swiss"]
[EventRounds "11"]
[EventCountry "FRA"]
[SourceTitle "CBM 142 Extra"]
[Source "ChessBase"]
[SourceDate "2011.06.27"]
[SourceVersion "1"]
[SourceVersionDate "2011.06.27"]
[SourceQuality "1"]
[TimeControl "40/5400+30:1800+30"]

1. d4 Nf6 2. c4 e6 3. g3 d5 4. Bg2 dxc4 5. Nf3 Nc6 (5...
a6) 6. Qa4 (6. O-O {L'alternative mais qui est plus risquée car il faut
gambiter le P "c4"}) 6... Bb4+ (6... Nd7 $5 7. Qxc4 Nb6 8. Qb5 (
8. Qd3 e5) 8... Bd7 9. Qd3 $146 (9. Qb3 Na5 (9... Bd6 10. e4)) 9... Nb4 10. Qd2
c5 $132) 7. Bd2 Bd6 $5 (7... Nd5 {La grande ligne mais Bd6 est devenu
populaire depuis quelques années et c'est une ligne beaucoup plus simple а
jouer malgré la perte de temps}) 8. Na3 {Il y a encore peu de théorie sur
cette variante mais les Blancs ont un jeu actif.} (8. Qxc4 O-O 9. Bc3 Qe7 10.
Ne5 Bxe5 11. dxe5 Nd5 12. O-O Rd8 13. Na3 Nxc3 14. Qxc3 Bd7 15. Nc2 Be8 16. b4
a5 17. a3 axb4 18. axb4 Rxa1 19. Rxa1 Rb8 20. Be4 f6 21. exf6 Qxf6 22. Qc5 Rd8
{Anand,V (2770)-Kramnik,V (2790)/Frankfurt 1998/1/2-1/2 (40)}) (8. Ne5 Bxe5 9.
Bxc6+ bxc6 10. dxe5 Qd5 11. f3 Nd7 12. Nc3 Qc5 (12... Qxe5 13.
Qxc6) 13. f4 (13. Ne4 Qb5 14. Qa3 Bb7 (14... c5 {Ouerk,Y (2248)-Favarel,A 
(2347) Condom IM 12th 2013 (9) 0-1})) 13... O-O 14. O-O-O Rb8 15. Ne4 Qb5 $132
{Crisan,A (2635)-Rajkovic,D (2497) Kladovo 2001 (2) 1-0}) (8. O-O O-O 9. Qxc4
e5 10. d5 Ne7 11. Nc3 h6 12. Rfd1 a6 13. Qb3 Rb8 14. Be1 {Evdokimov,A (2503)
-Aleksandrov,A (2635) RUS-chT Sochi 2005 (11) 1-0}) 8... Rb8 $5 (8... Bxa3 {Un coup candidat naturel mais non seulement, les Noirs donnent la
paire de B dans une position relativement ouverte mais le B a joué trois fois
en huit coups...} 9. Qxa3 (9. bxa3 Ne4 $13 {Postny,E (2627)-Roiz,M (2659)
Maalot-Tarshiha 2008 (6) 1/2}) 9... Ne4 10. Be3 Qd6 11. Rc1 Qxa3 12. bxa3 Nd6
13. Ne5 Bd7 14. Nxc4 Nf5 {Gustafsson,J (2616)-Khenkin,I (2604) GER-ch 76th
Altenkirchen 2005 (5) 1/2}) (8... O-O 9. Nxc4 Ne4 10. O-O {Kohlweyer,B (2435)
-Farago,I (2491) Liechtenstein op 27th 2009 (6) 1/2} (10. Nfe5 $5 Nxd2 11. Nxc6 bxc6 12. Nxd6 cxd6 13. Qb4 Nc4 14. Qxc4 Rb8 15. Qc3 Qb6 (
15... Ba6))) 9. Nxc4 $1 $146 {Une forte amélioration} (9. Qxc4 O-O 10. Rd1 Bd7
11. Qc2 Qe7 12. Nc4 b5 13. Ne3 Nb4 14. Qb3 a5 15. a3 a4 16. Qc3 Ne4 17. Qc1 Nd5
18. O-O Nxd2 19. Qxd2 Nxe3 20. Qxe3 b4 21. Ne5 bxa3 22. Nxd7 Qxd7 23. bxa3 Rb3
{Beliavsky,A (2645)-Farago,I (2530)/Hungary 1998/1/2-1/2 (53)}) 9... b5 10.
Nxd6+ cxd6 11. Qc2 Bb7 (11... Qb6 12. O-O
Bb7 13. Rac1 (13. Bg5 Nd7 (13... O-O 14. Bxf6 gxf6 15. Qe4 f5 16. Qh4 f6 17. d5 $1) (13... Nb4 14. Qb3 Nbd5 15. a4 O-O 16. axb5 h6 17. Bxf6
Nxf6 18. Qa4 Bd5 $11 ) 14. Rac1) 13... O-O) 12. O-O
$14 Ne7 13. Rfc1 $32 Rc8 (13... O-O {Plus simple}) 14. Qd3 (14. Qb3) 14... Qd7 15. Qa3 $5 (15. Rxc8+ Nxc8 (15...
Qxc8 16. Rc1 $32) 16. Bg5 O-O 17. Bxf6 gxf6 18. e4 $14 ) 15... O-O 16. Qxa7 $5 {complique la position} (16. Bf4 $5 Rxc1+ 17. Rxc1 Rd8 18. Bg5 (18. Qa5 Bc6 (18... Nc6 19. Qxb5)))
16... Rxc1+ 17. Rxc1 Ra8 18. Ne5 $8 (18. Qb6 Nfd5) 18... Rxa7 19. Nxd7 Bxg2 $2
(19... Ne8 {Evite l'échec intermédiaire}) 20. Nxf6+ gxf6 21. Kxg2 $16 Rxa2 22.
Bh6 $1 {[%csl Rg8][%cal Gc1c8] Très désagréable pour les Noirs} Ra8 23. e4 Rc8 24. Ra1 (24. Rxc8+ $5 Nxc8 25. f3 Nb6 26. b3 {[%csl Rb6,Gh6] Le N privé des cases centrales est complètement dominé
par le B}) 24... f5 25. Bg5 $1 (25. f3 fxe4 26. fxe4 Rc2+) 25... Kf8 26. Bxe7+
Kxe7 27. exf5 exf5 $14 {"Toutes les finales de R sont nulles" mais la
structure Noire donne des petites chances aux Blancs.} 28. Ra5 $1 Rb8 29. Kf3
Ke6 30. Ke3 (30. Kf4 $143 Kd5 31. Ra7 Kxd4 32. Rxf7 Rc8 ) 30...
Rb7 31. Ra8 Kd5 32. Kd3 f4 33. g4 f6 34. Rh8 Re7 35. Rb8 $1 Kc6 36. Rf8 Rg7 37.
h3 Rg6 {L'activité est souvent un facteur décisif en finale de R} (37... h5 $5
38. f3 hxg4 39. hxg4 Re7 40. Rxf6 Re3+ 41. Kd2 Rxf3 42. g5 Kd5 43. g6 Rg3 44.
Rxf4 Rxg6 $11) 38. Ke4 Rh6 39. Rc8+ Kb6 40. Rc3 $36 b4 41. Rd3
(41. Rb3) 41... Kc6 42. d5+ Kc5 43. Kxf4 {[%csl Rc5,Gf4,Gg4,Gh3] Le K noir est
assez éloigné de l'aile-roi et la majorité des Blancs a des bonnes chances} Rg6
44. h4 Kc4 45. Rd2 Kb3 $2 46. Kf5 $18 Ka2 47. f4 Rg8 48. Ke6 Rxg4 49. Kxd6 Rxf4 50. Kc5 1-0

[Event "EU-ch 12th"]
[Site "Aix les Bains"]
[Date "2011.03.26"]
[Round "5"]
[White "Salgado Lopez, Ivan"]
[Black "Libiszewski, Fabien"]
[Result "1/2-1/2"]
[ECO "E04"]
[WhiteElo "2630"]
[BlackElo "2481"]
[Annotator "Marchand,A/Primel,D"]
[PlyCount "102"]
[EventDate "2011.03.22"]
[EventType "swiss"]
[EventRounds "11"]
[EventCountry "FRA"]
[SourceTitle "CBM 142 Extra"]
[Source "ChessBase"]
[SourceDate "2011.06.27"]
[SourceVersion "1"]
[SourceVersionDate "2011.06.27"]
[SourceQuality "1"]
[TimeControl "40/5400+30:1800+30"]

1. d4 d5 2. Nf3 Nf6 3. c4 e6 4. g3 dxc4 5. Bg2 (5. Qa4+ $143 Nbd7 6. Bg2 a6
7. Nc3 Rb8 8. Qxc4 b5 9. Qd3 Bb7 $11) 5... Nc6 (5... Bb4+ 6.
Nbd2 b5 (6... c3 7. bxc3 Bxc3 8. Rb1 Ne4 9. Qc2 Nxd2 10. Nxd2 Bxd2+ 11. Bxd2
O-O 12. Bf4 $14 {Bologan}) 7. O-O O-O 8. a4 c6 9. Qc2 Bb7 10. e4 Nbd7 11. e5
Nd5 12. Ne4 $44 {[%csl Rb7,Rh7][%cal Ge4g5];Carlsen,M (2714)-Ivanisevic,I 
(2607) EU-chT (Men) 16th 2007 (9.1) 0-1}) 6. O-O (6. Qa4 {
L'alternative qui est moins risquée car en jouant oo, les Blancs ne peuvent
pas récupérer le P et c'est un véritable gambit} Bb4+ (6... Rb8) 7. Bd2 Nd5 (
7... Bd6 8. Qxc4 O-O 9. O-O e5 $132 ) 8. Bxb4 (8.
Qb5 O-O (8... Bxd2+ 9. Nbxd2 c3 10. bxc3 Nxc3 11. Qd3 Nd5 12. O-O O-O 13. Rfc1
{Ponomariov,R (2743)-Frolyanov,D (2610) RUS-chT Olginka 2011 (3) 1/2}) 9. Qxc4
Nb6 10. Qd3 e5 11. Nxe5 Bxd2+ 12. Nxd2 Nb4 (12... Nxd4) 13. Qc3 Qxd4 14. Qxd4
Nc2+ 15. Kd1 Nxd4 16. e3 Nf5 17. Ke2 (17. Rc1 c6) (17. Nd3) 17... Re8) 8...
Ndxb4 9. O-O Bd7 (9... Rb8 10. Nc3 a6 11. Ne5 O-O 12. Nxc6 Nxc6 13. Bxc6 bxc6
14. Qxc4 Rxb2 15. Rab1 Rb6 $11) 10. Ne5 a5 11. Nxd7 $14 {Mikhalevski,V (2532)
-Beshukov,S (2428) EU-ch 1st Saint Vincent 2000 (11) 1-0}) 6... Rb8 7. e3 (7. Nc3 b5 8. Ne5 Nxe5 9. dxe5 Nd7
10. Qd4 $44 (10. Qc2 $5 Bb4 11. Rd1 {Wang Yue (2734)-Ni Hua (2646)
CHN-ch Xinghua Jiangsu 2011 (1) 1/2} (11. a4 a6 12. Be3 Bb7 13. Bxb7 Rxb7 14.
Qe4 Qc8 15. Rfd1 c6 16. Qg4 {[%csl Rg7] Naiditsch CE Mai 2011}))) 7... b5 {
[%emt 0:00:31] Le thème de la variante pour s'accrocher au P mais les Blancs
ont des bonnes compensations} (7... a6) 8. Qe2 Bb7 ({RR} 8... Bd6 9. Rd1 O-O 10. e4 Be7 11. h4 Nb4 12. Ne1 c5 13.
Bf4 Rb7 14. dxc5 Rd7 15. Nc3 Bxc5 16. Rxd7 Bxd7 17. Rd1 Qb6 18. a3 Nc6 19. e5
Nd5 20. Bxd5 exd5 21. Nxd5 Qb7 22. Be3 Bxe3 23. Qxe3 {Kozul,Z (2569)-Beliavsky,
A (2668)/Bled 2001/EXT 2002/1-0 (43)}) (8... Be7) (8... a6) 9. b3 $1 {[%emt 0:
03:01] Dans cet ordre de coups, c'est une nouveauté} cxb3 10.
axb3 a6 11. Bd2 (
11. Bb2 {Burmakin,V (2554)-Saric,A (2447) Nova Gorica op-A 10th 2005 (4) 1/2})
(11. Nc3 Bb4 12. Bb2 O-O 13. Rfd1 Qe7 14. e4 $44) 11... Ne4 $146 (11... Nb4 {Kanep,M (2532)-Jumabayev,R (2547) Khanty-Mansiysk
ol (Men) 39th 2010 (7.2) 1/2}) 12. Rc1 Nxd2 (
12... Bd6) 13. Nbxd2 Nb4 14. Ne5 Bxg2 15. Kxg2 Qd5+ 16.
e4 $1 Qb7 (16... Qxd4 $6 17. Ndf3 Qd8 18. Nc6 $1 Nxc6 19. Rxc6 $32 ) 17. Qf3 $44 (17. d5 $5 {[%cal Ge2e8] Un coup thématique en
particulier avec le K noir resté au centre} Bd6 (17... exd5 $6 18. exd5 Nxd5 (
18... Qxd5+ 19. Ndf3) 19. Nc6+) 18. Nc6 Nxc6 19. Rxc6 O-O 20.
Raxa6 $36 ) 17... c6 18. Qc3 Rc8 19. d5 $1 c5 20. dxe6 fxe6 21. Qf3 Bd6 22. Qh5+ g6 23. Qh3 $1 (23. Nxg6 Qf7 $1)
23... Bxe5 24. Qxe6+ Qe7 $1 25. Qxc8+ Kf7 26. Qg4 Bxa1 27. Rxa1 {[%emt 0:00:31] L'égalité matérielle a été rétablie
mais le K Blanc est plus en sécurité que celui du français} Kg7 28. Nf3 h5 $6 29. Qf4 Rf8 30. Qe3 $1 $14 Nc2 (30... Rd8 31. Ng5) 31. Qc3+ Qf6 32. Qxf6+ Rxf6 33. Rc1 Rxf3 $5 {[%emt 0:09:31] Les Noirs avaient beaucoup de temps
pour calculer les conséquences du sacrifice de qualité} 34. Kxf3 Nd4+ 35. Ke3 Nxb3 $44 36. Rd1 Nd4 (36... c4 37. Rd7+
Kf8) 37. Rc1 (37. e5 $5 ) 37...
Nb3 38. Rd1 Nd4 39. Kd3 a5 40. Kc3 (40. f4 $5 {
Les Blancs ont aussi une majorité а mobiliser}) 40... Kf6 41.
f4 a4 {[%emt 0:39:31] La majorité devient dangereuse} 42. Kb2 Ke6 43. g4 $5 hxg4 44. Rg1 b4 45. Rxg4 a3+ $6 (45... Kf6) (45... c4 $142 46.
Rxg6+ Kf7 {S.MAZE}) 46. Ka2 Kf6 47. h4 c4 48. f5 $1 Nb5 (48... gxf5 $2 49. exf5 ) 49. Rxg6+ $6 (49. e5+ $142 Kxf5 50. Rxc4 ) 49... Kf7 50. Rg3 b3+ 51. Rxb3 $1 cxb3+ 1/2-1/2

[Event "EU-ch 12th"]
[Site "Aix les Bains"]
[Date "2011.04.01"]
[Round "10"]
[White "Smirnov, Artem"]
[Black "Popov, Valerij"]
[Result "0-1"]
[ECO "E04"]
[WhiteElo "2425"]
[BlackElo "2565"]
[Annotator "Marchand,A/Primel,D"]
[PlyCount "54"]
[EventDate "2011.03.22"]
[EventType "swiss"]
[EventRounds "11"]
[EventCountry "FRA"]
[SourceTitle "CBM 142 Extra"]
[Source "ChessBase"]
[SourceDate "2011.06.27"]
[SourceVersion "1"]
[SourceVersionDate "2011.06.27"]
[SourceQuality "1"]
[TimeControl "40/5400+30:1800+30"]

1. c4 e6 2. Nf3 d5 3. d4 Nf6 4. g3 dxc4 5. Bg2 a6 (5...
Nc6 6. Qa4 (6. O-O a6 {Souvent une simple transposition avec la partie et la
théorie considère que la variante 6.OO est trop risquée pour les Blancs. En
jouant a6 avant Nc6, les Noirs évitent la variante Qa4}) 6... Bb4+ 7. Bd2 Nd5
8. Qb5 $13) (5... b5 6. a4 c6 7. O-O) 6. O-O (6. a4 {[%csl Gb5] L'alternative
qui empêche la poussée b5 mais en créant un trou en b4 et au prix d'un tempo
important.} Nc6 7. O-O Rb8 8. a5 Bb4 $132 ) (6. Ne5
Bb4+ (6... c5 7. Be3 Nd5) 7. Nc3 Nd5 8. O-O (8. Bd2 b5) 8... Nxc3 9. bxc3 Bxc3
10. Rb1 Qxd4 {La variante а la mode} 11. Qa4+ b5 12. Qa3 Qxe5 13. Bf4 $13 {
Avrukh,B (2596)-Naiditsch,A (2712) CRO-chT1A 21st 2012 (1.11) 0-1}) 6... Nc6 (
6... b5 7. Ne5 Nd5 8. a4 (8. b3 cxb3 9. Qxb3 Be7 (9... f6 10. Nc3 Bb7 11. Nd3)
10. Rd1 (10. Nc3 {Karner,H (2390)-Machulsky,A Tallinn2 1985 0-1}) 10... O-O 11.
Nc3 Bb7 12. Bf4 (12. e4) 12... f6 13. Nd3 $44) (8. Nc3 Bb7 9. Nxd5 exd5 10. b3
(10. e4) 10... f6 (10... c3 11. e4 dxe4 12. Qh5 g6 13. Nxg6 $40 {Vainerman,I 
(2200)-Novikov,I (2490) UKR-ch Kiev 1986 (3) 0-1}) 11. e4 $1 g6 12. exd5 $44 {Gulko,B (2490)-Novikov,I (2280) URS-ch sf Volgodonsk
1983 0-1}) 8... Bb7 9. b3 $44 {Primel,D (2082)-Donchenko,A (2460) Nantes op
4th 2005 (2) 1/2}) 7. Nc3 (7. e3 {[%cal Gd1e2] La grande ligne} Bd7 8. Qe2 (8.
Nc3 Nd5 9. Nd2 (9. Qe2 Bb4 $132)) (8. Nbd2 $6 b5 9. e4 (9. Ne5 Nd5 10. e4) 9...
Be7 10. d5 exd5 11. exd5 Nb4 $15) 8... b5 9. Rd1 (9. b3) (9. Ne5 Nd5 10. Nxd7
Qxd7 11. Rd1 Rd8 (11... Be7 12. b3 $44 {Spassov}) 12. b3 c3 {Toshkov,T-Spassov,
L Albena 1985} (12... cxb3 13. axb3 Ncb4 14. e4 Nf6 $13))) (7. a4 Rb8 8. a5 Bb4
9. Qc2 (9. Qa4) 9... Nxa5 (9... O-O 10. Qxc4 Qd5 (10... Qe7 ) 11. Qd3 (11. Nbd2 Bxa5 12. e4) 11... Nxa5 (11... Bxa5 12. Ng5 Qxd4 13. Bxc6 Qxd3 14. exd3 Bb6 15. Bg2) (11... e5 12. Nc3) 12. Bf4 $44 ) 10. Qa4+ Nc6 11. Ne5 Nd5 12. Nxc6 bxc6 13. Qxc6+
Bd7 14. Qxc4 O-O 15. Rd1 c5 16. e4 Nb6 17. Qb3 Qe7 18. Bf4 Ra8 19. d5 c4 $6 (
19... exd5 $142 20. exd5 Bg4 21. Rc1 {Raetsky}) 20. d6 $40 {Gleizerov,E (2540)
-Ivanov,S (2470) Slupsk op 1992 1-0}) 7... Rb8 8. e4 Be7 (8...
b5 {Plus risqué} 9. d5 $1 $36 ) 9. Qe2 {[%cal Ge2c4,Gf1d1] Comme
souvent dans ce genre de position, les Blancs ont des bonnes compensations
avec une avance de développement et le centre} Nxd4 {Jouant pour le gain et
les Blancs doivent maintenant justifier le sacrifice des deux P} (9... b5 {
L'alternative}) 10. Nxd4 Qxd4 11. Rd1 Qc5 12. Be3 (12. e5 Nd7 13. Bf4 O-O 14.
Ne4 (14. Rd2 Nb6 15. Rad1 $32 {Brunello,S (2467)-Rombaldoni,D (2484) ITA-ch sf
70th 2010 (4) 1/2}) 14... Qa5 15. Qh5 {Ponomariov,R (2737)-Ivanchuk,V (2748)
Amber-rapid 19th 2010 (6) 1/2}) 12... Qa5 (12... Qb4 13. e5 Nd7 14. Qg4 $44 {
[%csl Rg7];Adrian,C (2270)-Kohlweyer,B (2365) Lyngby op 1989 (5) 0-1}) 13. Bd2 (13. Qxc4 e5 (13... b5 $11 )
14. Nd5 Nxd5 15. Rxd5 Be6 16. Rxa5 Bxc4 17. Rxe5 $14 f6 18. Rxe7+
$5 Kxe7 19. Rc1 Bxa2 (19... b5 20. b3) 20. Rxc7+ $44 {[%csl Ge3];Riazantsev,A 
(2599)-Milov,V (2645) Venaco op rapid 2005 (6) 1/2}) 13... Qh5 $1 {[%csl Rh2]
[%cal Gf6g4] Force le Bg2 а occuper une position instable} 14. Bf3 Qc5 15. e5
$146 (15. Be3 Qa5 (15... Qb4 16. a3 Qb3 17. Bf4 $44) 16. Bd2 {Gleizerov,E 
(2540)-Ivanov,S (2470) Slupsk op 1992 1-0} (16. Qxc4 O-O 17. Ba7 b5) (16. Ba7
$5 Ra8 17. Be3 O-O (17... Nd7 18. Qxc4 Ne5 ) 18. Qxc4 b5 19. Qc6
Rb8 20. e5 Bb7 21. Qxb7 Rxb7 22. exf6 Bxf6 23. Bxb7 b4 (23... Bxc3 24. bxc3
Qxc3 25. Rac1) 24. Ne4 Bxb2 $13)) (15. Rac1 $1 {Un coup naturel pour terminer
le développement et les Noirs doivent jouer trés précis.} O-O (15... b5 $6 16.
Be3 Qb4 17. a3) (15... Nd7 16. Be3 Qb4 17. a3 Qb3 18. e5 $1 O-O (18... Nxe5 19.
Be4 Bd7 (19... Nd3) (19... O-O 20. Bc2) 20. Bd4 Nd3 $1 {Les
Noirs sont contraint de rendre du matériel pour éviter la menace Bc2})) 16. Be3
Qb4 17. a3 Qb3 18. e5 Nd7 19. Be4 c5 20. f4 (20. Bc2 Qb6 21. Ne4
$1 ) 20... Rd8 (20... b5 21. Bc2) 21. Rd2 (21. Bc2)) 15... Nd7 (15... Nd5 $143 16.
Nxd5 exd5 17. Be3 Qa5 18. Rxd5 $36) 16. Ne4 $44 {Les Blancs doivent jouer de
manière active pour garder l'initiative car si les Noirs ont le temps de
roquer, les compensations seront insuffisantes.} Qb5 (16... Qxe5 17. Bc3 (17. Bf4)) 17. a4 (17. Bc3 Bb4 $5 (17... O-O
18. a4 Qb3 19. Nd2 Qb6 20. Nxc4) (17... Nxe5 18. Bg2 f6 (
18... O-O 19. a4) 19. a4 Qb6 20. Bd4 $44 (20. Nd2 )) 18.
Bd4 Nxe5 19. a4 Qa5 20. Rac1 O-O $15 ) 17... Qxb2 $13 18. Rab1
Qc2 19. Bg2 {Illustrant le problème d'avoir joué Bf3 car la menace Ne5 serait
trés forte} (19. Rbc1 Qd3 20. Rxc4 Qxe2 21. Bxe2 c5 $17 (21... Nxe5 22. Rxc7))
19... O-O 20. Qh5 f5 (20... f6 21. Rbc1 Qxa4 22. Bf4 Ba3 23. Ra1 Nb6 {La suite
saisie а tort par la FFE} 24. Bc1 Qe8 25. Qxe8 Rxe8 26. Bxa3 fxe5) 21. Rbc1 $6
(21. exf6 Nxf6 22. Nxf6+ Bxf6 23. Rbc1 Qf5) 21... Qxa4 22. Bg5 $2 (22. Ra1 $8
Qc2 (22... Qb5 23. Rab1 g6 (23... Qd5 24. Ng5) 24. Qe2 fxe4 25. Rxb5 axb5 26.
Bh6 $13 {Si les Noirs arrivent а coordonner leurs pièces, ils doivent
probablement valoriser le matériel car les P passés de l'aile-dame sont trés
forts mais pour l'instant le GMI reste en retard de développement et la
position n'est pas claire.}) 23. Ng5 Bxg5 24. Qxg5 (24. Bxg5 Nxe5 ) 24... h6 (24... Nxe5 25. Rac1 Qa4 26. Bc3 Ng6 27. h4 $44 Qa3 28. h5 Qe7 29. Qe3 Nh8 30. h6 gxh6 31. Qa7 $1 Bd7 32. Qd4 ) 25. Qe7 Rf7 26. Qd8+ ) 22...
Ba3 23. Ra1 Nxe5 24. Bc1 Qe8 25. Qxe8 Rxe8 26. Bxa3 fxe4 27. Bxe4 Nd3 0-1